 Dungeon Crawl Stone Soup version 0.17-a0-1447-g3d113ad (webtiles) character file.

280 ztt the Skirmisher (level 6, -2/67 HPs)
             Began as an Ogre Fighter on June 29, 2015.
             Slain by an ogre
             ... wielding a +0 giant club
              (22 damage)
             ... on level 4 of the Dungeon.
             The game lasted 00:05:55 (3472 turns).

ztt the Skirmisher (Ogre Fighter)                   Turns: 3472, Time: 00:05:55

Health: -2/67      AC:  6    Str: 24    XL:     6   Next: 27%
Magic:  6/6        EV:  9    Int:  7    God:
Gold:   144        SH:  9    Dex:  9    Spells: 0 memorised, 5 levels left

rFire  . . .     SeeInvis .     e - +0 mace
rCold  + . .     Clarity  .     p - +0 robe (curse)
rNeg   . . .     SustAt   .     c - +0 shield
rPois  .         Gourm    .     (helmet restricted)
rElec  .         Spirit   .     d - +2 cloak
rCorr  .         Warding  .     (gloves unavailable)
rMut   .         Stasis   .     (boots unavailable)
MR     .....                    (no amulet)
Stlth  +.........               (no ring)
                                f - ring of protection from cold

@: not resistant to hostile enchantments, very unstealthy
A: unfitting armour, breathe flames 1, tough skin 1
a: Breathe Fire


You were on level 4 of the Dungeon.
You were hungry.

You visited 1 branch of the dungeon, and saw 4 of its levels.

You collected 144 gold pieces.

Inventory:

Hand weapons
 e - a +0 mace (weapon)
Armour
 b - a +1 robe
 c - a +0 shield (worn)
 d - a +2 cloak (worn)
 p - a cursed +0 robe (worn)
Jewellery
 f - a ring of protection from cold (left hand)
Scrolls
 g - a scroll of remove curse
 i - a scroll of fog
 o - a scroll of identify
Potions
 h - a potion of agility {unknown}
 j - a potion of flight {unknown}
 k - 2 potions of heal wounds {unknown}
 m - a potion of might
 n - a potion of curing {unknown}
Comestibles
 a - 5 meat rations
 l - a bread ration


   Skills:
 * Level 6.1 Fighting
 * Level 4.0 Maces & Flails
 + Level 4.1 Dodging
 + Level 0.6 Stealth
 + Level 3.3 Shields


You had 5 spell levels left.
You didn't know any spells.

Dungeon Overview and Level Annotations

Branches:
Dungeon (4/15)
 Temple: D:4-7

Altars:
Kikubaaqudgha


Innate Abilities, Weirdness & Mutations

You are too large for most types of armour.
You have tough skin (AC +1).
You can breathe flames.


Message History

The ogre barely misses you.
You sock the ogre!
The ogre is heavily wounded.
You block the ogre's attack.
You completely miss the ogre.
The ogre is heavily wounded.
The ogre hits you with a giant club!!
You hit the ogre.
The ogre is severely wounded.
The ogre hits you with a giant club.
You completely miss the ogre.
The ogre is severely wounded.
The ogre hits you with a giant club!!
* * * LOW HITPOINT WARNING * * *
You are too injured to fight recklessly!
You are too injured to fight recklessly!
You hit the ogre.
The ogre is almost dead.
The ogre hits you with a giant club!!
You die...

#######.#...........
...)................
######..............
####...O.....[. ##<.........
###### #.......... ###.(..###
###........
#........##########.#........
#............@O..............
###.......#######.....#....##
##..###...<................
##)†##########.........(...
#....# ###.......###...#..
#>##.## #...####### .#....
##.##..# #.### ##.#.
#(.###)###.# # #
#####.####.#...# .#


You could see an ogre.

Vanquished Creatures
  The ghost of cireshan the Conjurer, a weakling DECj (D:3)
  An iguana (D:4)
  Jessica (D:3)
  2 worker ants (D:4)
  6 adders
  An ooze (D:3)
  10 orcs
  A ball python (D:1)
  5 giant cockroaches
  9 goblins
  10 hobgoblins
  5 jackals
  8 bats
  A giant newt (D:3)
  8 kobolds
  2 quokkas (D:3)
  A quokka skeleton (D:4)
  15 rats
87 creatures vanquished.

Notes
Turn   | Place    | Note
--------------------------------------------------------------
     0 | D:1      | ztt the Ogre Fighter began the quest for the Orb.
     0 | D:1      | Reached XP level 1. HP: 24/24 MP: 1/1
   168 | D:1      | Reached XP level 2. HP: 29/33 MP: 2/2
   899 | D:1      | Reached XP level 3. HP: 32/40 MP: 3/3
  1334 | D:2      | Found an ancient bone altar of Kikubaaqudgha.
  1940 | D:2      | Reached skill level 5 in Fighting
  2084 | D:2      | Gained mutation: You can breathe flames. [potion of beneficial mutation]
  2086 | D:3      | Noticed cireshan's ghost (weakling DECj)
  2125 | D:3      | Reached XP level 4. HP: 27/50 MP: 4/4
  2135 | D:3      | Killed cireshan's ghost
  2382 | D:3      | Noticed Jessica
  2406 | D:3      | Killed Jessica
  2406 | D:3      | Reached XP level 5. HP: 54/57 MP: 5/5
  3010 | D:4      | Reached skill level 6 in Fighting
  3223 | D:4      | Reached XP level 6. HP: 46/67 MP: 6/6
  3440 | D:4      | Noticed an ogre
  3472 | D:4      | Slain by an ogre

Vault maps used:
D:1:      lightli_arrival_windingriver, st_stairs_4
D:2:      nicolae_overflow_hidden_temple
D:3:      minmay_joined_circles, uniq_jessica
D:4:      first_bread, uniq_grinder

Action                   |  1- 3 |  4- 6 || total
-------------------------+-------+-------++-------
Melee: Flail             |    93 |       ||    93
       Mace              |    34 |   187 ||   221
  Use: Potion            |     3 |       ||     3
       Scroll            |     4 |     3 ||     7
 Stab: Sleeping          |     1 |       ||     1
  Eat: Bread ration      |     1 |       ||     1
       Chunk             |       |     4 ||     4
